 Dungeon Crawl Stone Soup version 0.17.1-3-g152610e (webtiles) character file.

23381 DanteCalvez the Unseen (level 12, -5/92 HPs)
             Began as a Vampire Enchanter on Apr 19, 2016.
             Was a Priest of Sif Muna.
             Slain by a six-headed hydra (12 damage)
             ... on level 3 of the Lair of Beasts.
             The game lasted 00:51:16 (14748 turns).

DanteCalvez the Unseen (Vampire Enchanter)         Turns: 14748, Time: 00:51:17

Health: -5/92      AC:  7    Str:  8    XL:     12   Next: 71%
Magic:  8/21       EV: 13    Int: 21    God:    Sif Muna [***...]
Gold:   711        SH:  5    Dex: 17    Spells: 5 memorised, 11 levels left

rFire  . . .     SeeInvis +     a - +3 dagger (drain)
rCold  + . .     Clarity  +     C - +2 robe {rN+}
rNeg   + + +     SustAt   .     l - +0 buckler
rPois  +         Gourm    .     u - +0 helmet
rElec  .         Spirit   .     g - +0 cloak
rCorr  .         Warding  .     E - +0 pair of gloves
rMut   .         Stasis   .     k - +0 pair of boots
MR     ++...                    t - amulet of clarity
Stlth  ++++++++..               D - ring of wizardry
                                M - ring of protection from magic

@: regenerating slowly, very resistant to hostile enchantments, extraordinarily
stealthy
A: fangs 3, hooves 1, see invisible, agile 1, deformed body, unbreathing
a: Bat Form, Channel Energy, Forget Spell, Renounce Religion


You were on level 3 of the Lair of Beasts.
You worshipped Sif Muna.
Sif Muna was most pleased with you.
You were very thirsty.

You visited 3 branches of the dungeon, and saw 15 of its levels.

You collected 915 gold pieces.
You spent 204 gold pieces at shops.


Innate Abilities, Weirdness & Mutations

You heal slowly.
You have razor-sharp teeth.
You have supernaturally acute eyesight.
You can survive without breathing.
You have large cloven feet.
You are agile. (Dex +2)
Armour fits poorly on your strangely shaped body.


   Skills:
 + Level 8.0 Fighting
 + Level 9.6 Short Blades
 - Level 2.1 Dodging
 + Level 15.3 Stealth
 - Level 4.0 Shields
 - Level 6.3 Spellcasting
 + Level 14.5 Hexes
 + Level 6.2 Invocations


You had 11 spell levels left.
You knew the following spells:

 Your Spells              Type           Power        Failure   Level  Hunger
a - Corona                Hex            ######.      1%          1    None
b - Tukima's Dance        Hex            ######..     1%          3    #......
c - Confuse               Hex            ######..     1%          3    #......
d - Dazzling Spray        Conj/Hex       #####...     1%          3    #......
s - Ensorcelled Hibernat  Hex/Ice        #####.       1%          2    None

Inventory:

Hand Weapons
 a - a +3 dagger of draining (weapon)
 b - a +0 blowgun
Missiles
 m - 46 poisoned needles
Armour
 g - a +0 cloak (worn)
 k - a +0 pair of boots (worn)
 l - a +0 buckler (worn)
 u - a +0 helmet (worn)
 C - a +2 robe of positive energy (worn)
 E - a +0 pair of gloves (worn)
Jewellery
 c - the macabre finger necklace {Ward rN+}

   [amulet of warding]

   It may prevent the melee attacks of summoned creatures.
   It protects you from negative energy.
 j - an uncursed ring of fire
 t - an amulet of clarity (around neck)
 w - an uncursed ring of ice
 D - a ring of wizardry (right hand)
 M - a ring of protection from magic (left hand)
Wands
 L - a wand of teleportation (3) {!d@v4}
Scrolls
 d - 8 scrolls of remove curse
 r - a scroll of identify {@r1}
 v - 4 scrolls of recharging
 A - a scroll of magic mapping
 I - 6 scrolls of teleportation {@r4}
 S - a scroll of fog
Potions
 e - a potion of magic
 f - 2 potions of cure mutation {unknown}
 h - 5 potions of heal wounds {@q2}
 i - a potion of agility
 q - 16 potions of blood {@q4}
 V - 2 potions of curing {@q1}
Miscellaneous
 n - a box of beasts

Dungeon Overview and Level Annotations

Branches:
Dungeon (11/15)            Temple (1/1) D:6            Lair (3/8) D:10
  Swamp: Lair:3-6    Shoals: Lair:3-6     Snake: Lair:3-6    Spider: Lair:3-6
    Orc: D:9-12

Altars:
Ashenzari
Cheibriados
Dithmenos
Elyvilon
Fedhas
Gozag
Kikubaaqudgha
Makhleb
Nemelex Xobeh
Okawaru
Qazlal
Ru
Sif Muna
Trog
Vehumet
Xom
Yredelemnul
Zin
The Shining One

Shops:
D:4 % D:10

* ........#.P....# #...# #
...........#..#####...#
....#.#.......#..P...## #
.....#.#[#...#.......# ##
....#.#.#.#.#.....#..# ##.
...........#.#...###..##P.
....#.#.#.#....# ###....
#...#...#...# #....
#..V#.....## #....
#.#D..#.#..P# #....
#F#.....#..# #..#P.
....#.......# #..##P.
..#.#.#.#.#..# #.. P..
#....#.#.#.#...# ## ...
.... ...... .. .. ......


You could see a six-headed hydra and a spiny frog.


Message History

Aim: a six-headed hydra (chance to defeat MR: 30%)
The six-headed hydra easily resists.
The six-headed hydra barely misses you. The six-headed hydra misses you.
The six-headed hydra closely misses you.
The six-headed hydra bites you. The six-headed hydra bites you!
The six-headed hydra bites you but does no damage.
Aiming: Ensorcelled Hibernation
Aim: a six-headed hydra (chance to defeat MR: 30%)
The six-headed hydra easily resists.
You block the six-headed hydra's attack.
The six-headed hydra bites you. The six-headed hydra bites you!
The six-headed hydra bites you!
You block the six-headed hydra's attack.
The six-headed hydra bites you!
Aiming: Ensorcelled Hibernation
Aim: a six-headed hydra (chance to defeat MR: 30%)
The six-headed hydra easily resists.
You block the six-headed hydra's attack.
The six-headed hydra bites you!
* * * LOW HITPOINT WARNING * * *
The six-headed hydra completely misses you.
The six-headed hydra bites you but does no damage.
The six-headed hydra bites you.
* * * LOW HITPOINT WARNING * * *
The six-headed hydra bites you.
* * * LOW HITPOINT WARNING * * *
Aiming: Ensorcelled Hibernation
Aim: a six-headed hydra (chance to defeat MR: 30%)
The six-headed hydra easily resists.
The six-headed hydra bites you!
You die...

Action                   |  1- 3 |  4- 6 |  7- 9 | 10-12 || total
-------------------------+-------+-------+-------+-------++-------
Melee: Dagger            |    79 |   112 |   150 |   675 ||  1016
 Cast: Corona            |     7 |       |       |       ||     7
       Ensorcelled Hiber |     4 |    18 |    21 |   189 ||   232
       Confuse           |       |    10 |    17 |    85 ||   112
       Tukima's Dance    |       |       |       |    11 ||    11
       Dazzling Spray    |       |       |       |    10 ||    10
Invok: Channel Energy    |       |       |       |   108 ||   108
 Abil: End Transformatio |       |     1 |     1 |    15 ||    17
       Bat Form          |       |     1 |     1 |    15 ||    17
  Use: Potion            |     5 |       |     1 |    23 ||    29
       Scroll            |       |       |       |    14 ||    14
 Stab: Sleeping          |    22 |    25 |    37 |   151 ||   235
       Confused          |       |     5 |    10 |    34 ||    49
       Distracted        |       |       |       |     1 ||     1
       Invisible         |       |       |       |     2 ||     2

Vault maps used:
D:1:      sevenhm_arrival_forest_fort_large_4
D:2:      hangedman_glass_teeth, minmay_box_of_dots, uniq_terence
D:3:      first_bread, ecumenical_altar_2
D:4:      kennysheep_mini, serial_shops, shop, kennysheep_dice, uniq_natasha,
          uniq_robin
D:5:      gammafunk_temple_overflow_forgotten
D:6:      minmay_temple_entry_glassed_door
D:8:      corexii_checkpoint_a, nicolae_dithmenos_through_a_glass_darkly,
          uniq_joseph, uniq_pikel, uniq_erica
D:9:      okawaru_gym_becter
D:10:     erik_rubicon_b, due_lair_maze_entry_diamond, serial_shops,
          shop_fountains
D:11:     grunt_livestock, st_stairs_9, uniq_josephine, uniq_nergalle,
          uniq_erolcha
Temple:   water_room_temple_a_12
Lair:1:   grunt_megastairs_2, lemuel_fruit_tree
Lair:3:   minivault_23, eino_house_with_fridge, serial_bayou_shore_a

Notes
Turn   | Place    | Note
--------------------------------------------------------------
     0 | D:1      | DanteCalvez the Vampire Enchanter began the quest for the Orb.
     0 | D:1      | Reached XP level 1. HP: 13/13 MP: 3/3
   278 | D:1      | Reached XP level 2. HP: 19/19 MP: 3/5
   366 | D:1      | Reached skill level 5 in Stealth
   370 | D:1      | Learned a level 2 spell: Ensorcelled Hibernation
   867 | D:2      | Reached XP level 3. HP: 11/24 MP: 0/6
   879 | D:2      | Reached skill level 5 in Hexes
   892 | D:2      | Learned a level 3 spell: Confuse
  1184 | D:2      | Reached skill level 6 in Stealth
  1202 | D:2      | Reached XP level 4. HP: 27/30 MP: 6/8
  1499 | D:2      | Noticed Terence
  1504 | D:2      | Killed Terence
  1641 | D:3      | Found a faded altar to an unknown god.
  1855 | D:3      | Reached skill level 3 in Spellcasting
  1865 | D:3      | Noticed a sky beast
  1870 | D:3      | Killed a sky beast
  1870 | D:3      | Reached skill level 7 in Stealth
  1870 | D:3      | Reached skill level 6 in Hexes
  1870 | D:3      | Reached XP level 5. HP: 35/35 MP: 8/10
  2284 | D:4      | Noticed Robin
  2334 | D:4      | Reached XP level 6. HP: 36/41 MP: 4/11
  2390 | D:4      | Killed Robin
  2430 | D:4      | Found Zyplu's Food Emporium.
  2433 | D:4      | Found a radiant altar of Vehumet.
  2728 | D:4      | Noticed a hungry ghost
  2736 | D:4      | Reached skill level 1 in Shields
  2757 | D:4      | Killed a hungry ghost
  2761 | D:4      | Noticed Natasha
  2777 | D:4      | Killed Natasha
  2777 | D:4      | Reached skill level 8 in Stealth
  2948 | D:4      | Noticed Natasha
  2983 | D:4      | Killed Natasha
  3110 | D:4      | Noticed Natasha
  3115 | D:4      | Killed Natasha
  3133 | D:5      | Entered Level 5 of the Dungeon
  3191 | D:5      | Found a sacrificial altar of Ru.
  3215 | D:5      | Found a shadowy altar of Dithmenos.
  3215 | D:5      | Found a deep blue altar of Sif Muna.
  3224 | D:5      | Became a worshipper of Sif Muna the Loreminder
  3279 | D:5      | Reached skill level 7 in Hexes
  3279 | D:5      | Reached XP level 7. HP: 39/46 MP: 7/12
  3753 | D:6      | Reached skill level 2 in Shields
  3753 | D:6      | Reached skill level 4 in Spellcasting
  3777 | D:6      | You fall through a shaft for 2 floors!
  3843 | D:8      | Noticed Erica
  3963 | D:8      | Killed Erica
  3963 | D:8      | Reached * piety under Sif Muna
  3963 | D:8      | Reached skill level 10 in Stealth
  3963 | D:8      | Reached skill level 3 in Shields
  3963 | D:8      | Reached skill level 5 in Spellcasting
  3963 | D:8      | Reached skill level 8 in Hexes
  3963 | D:8      | Reached XP level 8. HP: 52/52 MP: 9/15
  4036 | D:8      | Reached skill level 4 in Shields
  4069 | D:8      | Noticed a yak
  4069 | D:8      | Noticed a yak
  4070 | D:8      | Noticed a yak
  4073 | D:8      | Killed a yak
  4073 | D:8      | Reached skill level 1 in Fighting
  4073 | D:8      | Reached skill level 9 in Hexes
  4074 | D:8      | Killed a yak
  4074 | D:8      | Reached skill level 2 in Short Blades
  4076 | D:8      | Killed a yak
  4076 | D:8      | Reached XP level 9. HP: 59/61 MP: 15/17
  4077 | D:8      | Noticed a yak
  4080 | D:8      | Killed a yak
  4132 | D:8      | Reached skill level 2 in Fighting
  4302 | D:8      | Noticed Pikel
  4309 | D:8      | Killed Pikel
  4309 | D:8      | Reached ** piety under Sif Muna
  4309 | D:8      | Reached skill level 3 in Short Blades
  4309 | D:8      | Reached skill level 11 in Stealth
  4309 | D:8      | Reached skill level 6 in Spellcasting
  4469 | D:8      | Found a shadowy altar of Dithmenos.
  4537 | D:8      | Noticed Joseph
  4540 | D:8      | Reached skill level 10 in Hexes
  4553 | D:8      | Killed Joseph
  4553 | D:8      | Reached skill level 3 in Fighting
  4553 | D:8      | Reached skill level 4 in Short Blades
  5016 | D:6      | Reached XP level 10. HP: 71/71 MP: 5/19
  5032 | D:6      | Found a staircase to the Ecumenical Temple.
  5039 | D:6      | Reached skill level 4 in Fighting
  5039 | D:6      | Reached skill level 5 in Short Blades
  5051 | Temple   | Entered the Ecumenical Temple
  5289 | D:6      | Reached skill level 12 in Stealth
  5699 | D:7      | Identified a wand of teleportation
  5719 | D:7      | Reached skill level 1 in Invocations
  5750 | D:7      | Reached skill level 11 in Hexes
  6301 | D:9      | Found an iron altar of Okawaru.
  6631 | D:9      | Reached skill level 2 in Invocations
  7126 | D:10     | Entered Level 10 of the Dungeon
  7126 | D:10     | Noticed an unseen horror
  7127 | D:10     | Killed an unseen horror
  7127 | D:10     | Reached skill level 5 in Fighting
  7307 | D:10     | Reached skill level 6 in Short Blades
  7340 | D:10     | Noticed a hill giant
  7347 | D:10     | Killed a hill giant
  7347 | D:10     | Reached skill level 3 in Invocations
  7373 | D:10     | Reached skill level 12 in Hexes
  7380 | D:10     | Reached skill level 13 in Stealth
  7429 | D:10     | Noticed a hill giant
  7432 | D:10     | Killed a hill giant
  7432 | D:10     | Reached XP level 11. HP: 59/80 MP: 16/20
  7674 | D:10     | Found Imosk's General Store.
  7705 | D:10     | Bought 2 scrolls of enchant armour for 180 gold pieces
  7705 | D:10     | Bought a scroll of fog for 24 gold pieces
  7929 | D:10     | Found a staircase to the Lair.
  8222 | D:10     | Noticed a hill giant
  8227 | D:10     | Killed a hill giant
  8602 | D:11     | Noticed Erolcha
  8613 | D:11     | Reached skill level 7 in Short Blades
  8906 | D:11     | Killed Erolcha
  8906 | D:11     | Reached *** piety under Sif Muna
  8906 | D:11     | Reached skill level 6 in Fighting
  8906 | D:11     | Reached skill level 4 in Invocations
  8978 | D:11     | Noticed Josephine
  8978 | D:11     | Noticed Nergalle
  9004 | D:11     | Killed Nergalle
  9027 | D:11     | Killed Josephine
  9340 | D:11     | Noticed a skeletal warrior
  9347 | D:11     | Noticed a skeletal warrior
  9347 | D:11     | Noticed a skeletal warrior
  9347 | D:11     | Noticed a skeletal warrior
  9395 | D:10     | Learned a level 3 spell: Dazzling Spray
 10246 | D:11     | Reached skill level 13 in Hexes
 10287 | D:10     | Gained mutation: You have large cloven feet. [potion of mutation]
 10287 | D:10     | Gained mutation: Armour fits poorly on your strangely shaped body. [potion of mutation]
 10287 | D:10     | Gained mutation: You are agile. (Dex +2) [potion of mutation]
 10327 | D:11     | Reached skill level 14 in Stealth
 10333 | D:11     | Learned a level 3 spell: Tukima's Dance
 10342 | D:11     | Killed a skeletal warrior
 10740 | D:11     | Noticed a skeletal warrior
 10807 | D:11     | Reached skill level 8 in Short Blades
 10808 | D:11     | HP: 7/83 [skeletal warrior (25)]
 10809 | D:11     | HP: 2/83 [hound (5)]
 10832 | D:11     | HP: 3/83 [skeletal warrior (1)]
 11433 | D:11     | Noticed a hill giant
 11439 | D:11     | Killed a hill giant
 11439 | D:11     | Reached skill level 5 in Invocations
 11575 | D:11     | Killed a skeletal warrior
 11601 | D:11     | Got a jewelled plate armour
 11640 | D:11     | Reached XP level 12. HP: 81/89 MP: 10/21
 11725 | Lair:1   | Entered Level 1 of the Lair of Beasts
 11822 | Lair:1   | Reached skill level 7 in Fighting
 12176 | Lair:1   | Reached skill level 9 in Short Blades
 12379 | Lair:1   | Noticed a four-headed hydra
 12386 | Lair:1   | Killed a four-headed hydra
 12522 | Lair:2   | Noticed a four-headed hydra
 12526 | Lair:2   | Killed a four-headed hydra
 12526 | Lair:2   | Reached skill level 14 in Hexes
 12745 | Lair:2   | Noticed a five-headed hydra
 12751 | Lair:2   | Killed a five-headed hydra
 12751 | Lair:2   | Reached skill level 15 in Stealth
 12780 | Lair:2   | Reached skill level 6 in Invocations
 13671 | Lair:2   | Identified the +7 plate armour "Woynaal" {rC+} (You found it on level 11 of the Dungeon)
 14378 | Lair:3   | HP: 7/92 [blink frog (14)]
 14686 | Lair:3   | Reached skill level 8 in Fighting
 14739 | Lair:3   | Noticed a six-headed hydra
 14747 | Lair:3   | HP: 6/92 [six-headed hydra (6)]
 14748 | Lair:3   | Slain by a six-headed hydra

Vanquished Creatures
  Josephine (D:11)
  3 hydras
  Erolcha (D:11)
  Erica (D:8)
  Nergalle (D:11)
  A skeletal warrior (D:11)
  An unseen horror (D:10)
  Pikel (D:8)
  4 hill giants
  An ugly thing (D:11)
  Joseph (D:8)
  4 spiny frogs
  2 centaur skeletons (D:11)
  2 gargoyles
  A komodo dragon (Lair:3)
  2 trolls
  A two-headed ogre (D:10)
  4 blink frogs (Lair:3)
  A human (D:11)
  A shadow (D:11)
  2 wraiths (D:11)
  A wyvern (D:10)
  17 yaks
  2 hippogriffs
  A basilisk (Lair:3)
  2 hogs (D:11)
  A hungry ghost (D:4)
  3 water moccasins
  3 porcupines
  4 ice beasts
  8 centaurs
  2 orc warriors (D:6)
  2 phantoms (D:9)
  A sky beast (D:3)
  7 ogres
  5 crocodiles
  9 giant frogs
  A big kobold (D:11)
  4 scorpions
  4 wights (D:9)
  9 killer bees
  4 electric eels (D:10)
  A quasit (D:8)
  7 crimson imps
  3 giant frog skeletons
  4 orc wizards
  4 hounds
  2 centaur zombies (D:8)
  5 orc priests
  2 jellies
  Terence (D:2)
  Natasha (thrice) (D:4)
  5 iguanas
  7 worker ants
  A killer bee zombie (D:8)
  15 sheep
  2 hound skeletons
  6 gnolls
  Robin (D:4)
  38 river rats
  8 adders
  A worker ant zombie (D:11)
  4 shadow imps
  An ooze (D:3)
  2 worms (D:5)
  A giant gecko (D:4)
  31 orcs
  A ball python (D:2)
  4 giant cockroaches
  10 goblins
  12 hobgoblins
  4 jackals (D:2)
  9 bats
  2 giant cockroach zombies
  8 giant newts
  A jackal skeleton (D:6)
  A jackal zombie (D:8)
  13 kobolds
  6 quokkas
  A quokka skeleton (D:9)
  9 rats
  3 fungi (Lair:2)
  2 plants (Lair:2)
367 creatures vanquished.

Vanquished Creatures (collateral kills)
  A skeletal warrior (D:11)
  A necrophage (D:11)
2 creatures vanquished.

Vanquished Creatures (others)
  2 dancing weapons
  2 bats (D:10)
  7 fungi
  A plant (D:10)
12 creatures vanquished.

Grand Total: 381 creatures vanquished
